 Dungeon Crawl Stone Soup version 0.21-a0-95-g06f091e (webtiles) character file.

26180 4thArraOfDagon the Fighter (level 12, -2/92 HPs)
             Began as a Mummy Enchanter on July 4, 2017.
             Was an Initiate of Gozag.
             Slain by an ice dragon (10 damage)
             ... on level 15 of the Dungeon.
             The game lasted 00:50:37 (16691 turns).

4thArraOfDagon the Fighter (Mummy Enchanter)       Turns: 16691, Time: 00:50:38

Health: -2/92      AC: 20    Str: 12    XL:     12   Next: 96%
Magic:  19/21      EV: 12    Int: 18    God:    Gozag
Gold:   2120       SH:  3    Dex: 13    Spells: 4/23 levels left

rFire    x x .     SeeInvis .   R - +5 battleaxe (venom)
rCold    + + +     Gourm    .   (shield currently unavailable)
rNeg     + + +     Faith    .   U - +0 ice dragon scales
rPois    ∞         Spirit   .   e - +2 hat
rElec    .         Reflect  +   (no cloak)
rCorr    .         Harm     .   q - +0 pair of gloves
MR       +....                  V - +0 pair of boots
Stlth    ..........             t - +3 amulet of reflection
HPRegen  0.25/turn              I - +4 ring of protection
MPRegen  0.17/turn              (no ring)

@: no status effects
A: no food or potions, fire vulnerability, cold resistance 1, negative energy
resistance 3, torment resistance, unbreathing
a: Potion Petition, Call Merchant, Bribe Branch, Renounce Religion


You were on level 15 of the Dungeon.
You worshipped Gozag.
Gozag was most pleased with you.
You were not hungry.

You visited 1 branch of the dungeon, and saw 15 of its levels.

You collected 3182 gold pieces.
You spent 452 gold pieces at shops.
You paid 610 gold pieces to Gozag.

Inventory:

Hand Weapons
 a - a +1 dagger
 f - a +2 dagger of protection
 p - a +0 rapier
 r - a +0 vampiric dagger
 C - a cursed +0 dagger
 D - a cursed +3 falchion
 G - a +2 morningstar of crushing
 H - a +3 scimitar of freezing
 L - a +1 dagger of chaos
 M - a +0 blowgun
 R - a +5 battleaxe of venom (weapon)
 S - a +0 scimitar of flaming
Missiles
 g - 3 javelins (quivered)
 O - a throwing net
Armour
 b - a +0 robe
 e - a +2 hat (worn)
 j - a +0 ring mail
 q - a +0 pair of gloves (worn)
 A - a +3 ring mail of positive energy
 U - +0 ice dragon scales (worn)
 V - a +0 pair of boots (worn)
 Y - a +0 scale mail of fire resistance
Jewellery
 k - an uncursed ring of fire
 t - a +3 amulet of reflection (around neck)
 y - an uncursed ring of wizardry
 z - an uncursed amulet of rage
 F - an uncursed amulet of guardian spirit
 I - a +4 ring of protection (left hand)
Wands
 u - a wand of scattershot (0/9)
 N - a wand of flame (9/48)
 T - a wand of random effects (36/48)
 W - a wand of paralysis (10/24)
 X - a wand of digging (15/24)
 Z - a wand of iceblast (1/15)
Scrolls
 d - 4 scrolls of remove curse {unknown}
 h - 7 scrolls of identify
 i - a scroll of teleportation
 l - 3 scrolls of fog {unknown}
 m - 3 scrolls of recharging {unknown}
 n - 2 scrolls of fear {unknown}
 o - 4 scrolls of blinking {unknown}
 v - a scroll of magic mapping {unknown}
 w - 6 scrolls of amnesia {unknown}
 B - 2 scrolls of summoning {unknown}
 E - 5 scrolls of enchant weapon
 J - 2 scrolls of enchant armour {unknown}
 K - 3 scrolls of random uselessness {unknown}
 P - a scroll of brand weapon {unknown}
 Q - a scroll of torment
Books
 c - a book of Maledictions

   Spells                             Type                      Level
   a - Corona                         Hexes                        1
   b - Ensorcelled Hibernation        Hexes/Ice                    2
   c - Confuse                        Hexes                        3
   d - Tukima's Dance                 Hexes                        3
   e - Dazzling Spray                 Conjuration/Hexes            3
 s - a book of Minor Magic

   Spells                             Type                      Level
   a - Magic Dart                     Conjuration                  1
   b - Blink                          Translocation                2
   c - Call Imp                       Summoning                    2
   d - Slow                           Hexes                        2
   e - Conjure Flame                  Conjuration/Fire             3
   f - Mephitic Cloud                 Conjuration/Poison/Air       3
 x - a book of Cantrips

   Spells                             Type                      Level
   a - Confusing Touch                Hexes                        1
   b - Animate Skeleton               Necromancy                   1
   c - Summon Small Mammal            Summoning                    1
   d - Apportation                    Translocation                1


   Skills:
 - Level 8.0 Fighting
 - Level 2.2 Short Blades
 * Level 8.0 Axes
 + Level 7.4 Armour
 + Level 8.0 Dodging
 - Level 2.4 Stealth
 - Level 6.2 Spellcasting
 - Level 3.1 Conjurations
 - Level 5.8 Hexes
 - Level 3.2 Air Magic
 - Level 3.0 Poison Magic
 * Level 6.6 Evocations


You had 4 spell levels left.
You knew the following spells:

 Your Spells              Type           Power        Failure   Level  Hunger
a - Corona                Hex            ####...      6%          1    N/A
b - Ensorcelled Hibernat  Hex/Ice        ###...       30%         2    N/A
c - Confuse               Hex            ####....     19%         3    N/A
d - Blink                 Tloc           N/A          71%         2    N/A
e - Apportation           Tloc           #.....       56%         1    N/A
f - Mephitic Cloud        Conj/Pois/Air  ###.....     50%         3    N/A
g - Passage of Golubria   Tloc           N/A          100%        4    N/A
h - Conjure Flame         Conj/Fire      ##......     71%         3    N/A

Dungeon Overview and Level Annotations

Branches:
Dungeon (15/15)            Temple (0/1) D:5            Lair (0/6) D:10
    Orc (0/2) D:11
 Vaults: D:13-14     Depths: D:15

Altars:
Fedhas
Gozag
Hepliaklqana
Kikubaaqudgha
Nemelex Xobeh
Sif Muna
Vehumet

Shops:
D:6 (

Annotations:
D:5 exclusion: statue
D:7 Duvessa


Innate Abilities, Weirdness & Mutations

You do not eat or drink.
Your flesh is vulnerable to fire.
You are immune to poison.
Your flesh is cold resistant. (rC+)
You are immune to negative energy. (rN+++)
You are immune to unholy pain and torment.
You can survive without breathing.


Message History

The centaur warrior appears confused.
The centaur warrior screams, "NO!
I can't bear this much noise."
Unknown command.
Unknown command.
Unknown command.
You slice the ice dragon!!
The ice dragon is almost dead.
The ice dragon breathes frost at you. The blast of cold hits you! You resist.
* * * LOW HITPOINT WARNING * * *
The centaur shouts!
Unknown command.
Unknown command.
Unknown command.
Unknown command.
The ice dragon completely misses you. The ice dragon claws you.
* * * LOW HITPOINT WARNING * * *
The ice dragon tramples you!
You die...
Your body crumbles into a pile of gold.

...................?..........
.......................5......
............(........#......(.
...............c..............
........!$<####.........#...#.
..........(# #.....#....#....
..(.....(..# #.....##... #...
......$....##+#.....#
.............@D.....#
.....(..............#
#...########......#...# #.##


$$$$ ##.8(.##.... . #...## #.# ...## .. ##### $$$$ You could see an ice dragon.

Vanquished Creatures
  A fire dragon (D:15)
  A catoblepas (D:14)
  A centaur warrior (D:15)
  The ghost of grindst0ne the Covert, a journeyman MfAs of Dithmenos (D:8)
  Erica (D:9)
  4 two-headed ogres
  The ghost of sergedm the Eclecticist, a journeyman DECj of Vehumet (D:13)
  A skeletal warrior (D:13)
  An unseen horror (D:12)
  A wizard (D:14)
  A shining eye (shapeshifter) (D:14)
  An ugly thing (D:11)
  The ghost of grindst0ne the Covert, a novice MfAs (D:6)
  A cyclops (D:7)
  Joseph (D:9)
  Psyche (D:8)
  A kobold demonologist (D:12)
  A freezing wraith (D:14)
  A komodo dragon (D:9)
  2 trolls
  9 wind drakes (D:12)
  3 meliai (D:14)
  Grinder (D:5)
  A hippogriff (D:10)
  A shadow (D:14)
  6 wyverns
  3 yaks (D:12)
  A wraith (D:15)
  A steam dragon (D:7)
  6 vampire mosquitoes (D:12)
  3 hungry ghosts
  19 insubstantial wisps
  2 acid dragons (D:12)
  2 soldier ants
  4 orc warriors
  4 sky beasts
  4 ice beasts
  2 black bears
  4 ogres
  A phantom (D:9)
  5 centaurs
  The ghost of 4thArraOfDagon the Insei, an amateur DsEn (D:5)
  A big kobold (D:8)
  8 bullfrogs
  Blork the orc (D:4)
  A gnoll sergeant (D:7)
  A wyvern zombie (D:12)
  Dowan (D:7)
  A wyvern skeleton (D:14)
  A scorpion (D:10)
  4 killer bees (D:7)
  13 wights
  2 howler monkeys
  3 electric eels
  6 crimson imps
  4 centaur zombies
  A quasit (D:9)
  9 hounds
  A jelly (D:14)
  6 orc priests
  6 orc wizards
  4 bullfrog skeletons
  6 centaur skeletons
  6 iguanas
  5 worker ants
  8 gnolls
  13 adders
  4 shadow imps
  An adder skeleton (D:4)
  5 worms
  6 ball lightnings (D:12)
  2 leopard geckos (D:5)
  52 orcs
  7 bats
  5 giant cockroaches
  2 goblins (D:3)
  5 hobgoblins
  9 jackals
  3 quokkas
  A ball python (D:8)
  8 frilled lizards
  2 jackal skeletons
  7 kobolds
  A quokka skeleton (D:5)
  A quokka zombie (D:5)
  7 rats
347 creatures vanquished.

Vanquished Creatures (others)
  A centaur (D:14)
  10 ball lightnings (D:12)
11 creatures vanquished.

Grand Total: 358 creatures vanquished

Notes
Turn   | Place    | Note
-------+----------+-------------------------------------------
     0 | D:1      | 4thArraOfDagon the Mummy Enchanter began the quest for the Orb.
     0 | D:1      | Reached XP level 1. HP: 13/13 MP: 4/4
   150 | D:1      | Reached skill level 1 in Short Blades
   150 | D:1      | Reached XP level 2. HP: 20/20 MP: 1/5
   195 | D:1      | Learned a level 2 spell: Ensorcelled Hibernation
   232 | D:2      | Found an opulent altar of Gozag.
   239 | D:1      | Reached XP level 3. HP: 21/25 MP: 0/7
   406 | D:2      | Became a worshipper of Gozag Ym Sagoz the Greedy
   670 | D:2      | Learned a level 3 spell: Confuse
   908 | D:2      | Reached skill level 1 in Fighting
  1189 | D:2      | Reached XP level 4. HP: 28/32 MP: 8/8
  1499 | D:3      | Reached skill level 1 in Armour
  1903 | D:4      | Learned a level 2 spell: Blink
  1963 | D:4      | Reached XP level 5. HP: 29/38 MP: 9/9
  2152 | D:4      | Learned a level 1 spell: Apportation
  2395 | D:4      | Noticed Blork the orc
  2445 | D:5      | Entered Level 5 of the Dungeon
  2619 | D:5      | Found a blossoming altar of Fedhas.
  2619 | D:5      | Noticed 4thArraOfDagon's ghost (amateur DsEn)
  2733 | D:5      | Reached XP level 6. HP: 46/46 MP: 7/10
  2807 | D:5      | Found a staircase to the Ecumenical Temple.
  2833 | D:5      | Found a radiant altar of Vehumet.
  2937 | D:6      | Noticed an ice beast
  2969 | D:6      | Noticed a sky beast
  3032 | D:5      | Killed a sky beast
  3186 | D:6      | Reached XP level 7. HP: 52/52 MP: 11/11
  3458 | D:6      | Noticed grindst0ne's ghost (novice MfAs)
  3702 | D:7      | Reached skill level 5 in Hexes
  3702 | D:7      | Reached XP level 8. HP: 42/60 MP: 3/12
  3959 | D:7      | Noticed a cyclops
  4103 | D:8      | Noticed grindst0ne's ghost (journeyman MfAs)
  4279 | D:9      | Learned a level 3 spell: Mephitic Cloud
  4513 | D:9      | Found a blossoming altar of Fedhas.
  4584 | D:9      | Noticed Erica
  4628 | D:8      | Killed grindst0ne's ghost
  4628 | D:8      | Reached skill level 1 in Poison Magic
  4628 | D:8      | Reached XP level 9. HP: 62/67 MP: 9/13
  4655 | D:8      | Found a sparkling altar of Nemelex Xobeh.
  4696 | D:8      | Reached skill level 5 in Fighting
  4733 | D:8      | Noticed Psyche
  4754 | D:8      | Killed Psyche
  5009 | D:7      | Killed a cyclops
  5488 | D:7      | Reached skill level 5 in Dodging
  5507 | D:7      | Reached skill level 5 in Spellcasting
  5736 | D:7      | Noticed Dowan
  5737 | D:7      | Noticed Duvessa
  5772 | D:8      | Noticed Joseph
  6179 | D:7      | Killed Dowan
  6179 | D:7      | Reached XP level 10. HP: 75/75 MP: 18/18
  6511 | D:6      | Killed grindst0ne's ghost
  6795 | D:6      | Found Yshri Leu's Weapon Boutique.
  6808 | D:6      | Bought a +5 battleaxe of venom for 452 gold pieces
  6974 | D:5      | Killed 4thArraOfDagon's ghost
  7020 | D:5      | Noticed Grinder
  7038 | D:5      | Paralysed by Grinder for 7 turns
  7045 | D:5      | Killed Grinder
  7045 | D:5      | Reached skill level 1 in Axes
  7045 | D:5      | Reached skill level 5 in Armour
  7355 | D:4      | Killed Blork the orc
  7445 | D:9      | Killed Erica
  7492 | D:9      | Killed Joseph
  7544 | D:9      | Found an ancient bone altar of Kikubaaqudgha.
  7746 | D:9      | Found a deep blue altar of Sif Muna.
  7837 | D:10     | Entered Level 10 of the Dungeon
  7857 | D:10     | Found a hazy altar of Hepliaklqana.
  7859 | D:10     | Found a staircase to the Lair.
  8471 | D:11     | Found a staircase to the Orcish Mines.
  8575 | D:11     | Reached XP level 11. HP: 73/84 MP: 20/20
  8591 | D:11     | Noticed a brown ugly thing
  8600 | D:11     | Killed a brown ugly thing
  9163 | D:12     | Noticed a two-headed ogre
  9173 | D:12     | Killed a two-headed ogre
  9173 | D:12     | Reached skill level 1 in Evocations
  9431 | D:12     | Identified the +7 quarterstaff of Liexuwk {elec, rPois} (You found it on level 12 of the Dungeon)
  9749 | D:13     | Reached skill level 5 in Axes
  9753 | D:13     | Noticed sergedm's ghost (journeyman DECj)
 13044 | D:12     | Killed an unseen horror
 13346 | D:12     | Reached XP level 12. HP: 66/92 MP: 21/21
 14529 | D:13     | Killed sergedm's ghost
 14669 | D:13     | Learned a level 4 spell: Passage of Golubria
 14726 | D:13     | Reached skill level 5 in Evocations
 14766 | D:14     | Noticed a two-headed ogre
 14777 | D:14     | Killed a two-headed ogre
 14912 | D:15     | Entered Level 15 of the Dungeon
 15151 | D:15     | Noticed a centaur warrior
 15189 | D:14     | Noticed a catoblepas
 15208 | D:14     | Killed a catoblepas
 15229 | D:14     | Noticed a two-headed ogre
 15242 | D:14     | Noticed a two-headed ogre
 15243 | D:14     | Killed a two-headed ogre
 15342 | D:13     | Learned a level 3 spell: Conjure Flame
 15873 | D:14     | Killed a two-headed ogre
 15909 | D:14     | Noticed a seven-headed hydra
 16061 | D:15     | Killed a centaur warrior
 16068 | D:15     | Noticed a fire dragon
 16424 | D:15     | Noticed an ice dragon
 16426 | D:15     | Killed a fire dragon
 16682 | D:15     | Noticed a centaur warrior
 16691 | D:15     | Slain by an ice dragon

Vault maps used:
D:1:      roderic_chinese_lattice_arrival
D:2:      nicolae_gozag_seed_capital
D:3:      first_bread, minmay_hedge_maze, uniq_crazy_yiuf_cottage
D:4:      nrook_mini_backslash, uniq_blork_the_orc
D:5:      vehumet_statue, minmay_temple_entry_junction, fedhas_altar_fruit_tree,
          uniq_grinder
D:6:      serial_shops, shop
D:7:      uniq_duvessa
D:8:      blue_anna_alchemist, nemelex_spade_bored_becter, uniq_joseph,
          uniq_psyche
D:9:      marbit_many_paths, kennysheep_mini_moat, basic_altar, kennysheep_dice,
          uniq_erica
D:10:     lair_entry_dummy, basic_altar
D:11:     lemuel_ice_spiral_2, orc_0_dummy
D:12:     aerie_lemuel
D:13:     serial_shops, nicolae_shop_stone, minmay_misc_feat_hallway
D:14:     david_vaults_1, minmay_staircase_bubble
D:15:     grunt_enter_depths_hoard, tso_metal_star, library_closet

Skill      XL: |  1  2  3  4  5  6  7  8  9 10 11 12 |
---------------+-------------------------------------+-----
Dodging        | 2 3 4 5 6 7 8 |  8.0
Short Blades   | 1 2 |  2.2
Fighting       | 1 2 3 4 5 7 8 |  8.0
Armour         | 1 2 3 4 5 6 7 |  7.4
Hexes          | 3 5 |  5.8
Conjurations   | 2 3 |  3.1
Air Magic      | 2 3 |  3.2
Poison Magic   | 1 3 |  3.0
Spellcasting   | 5 6 |  6.2
Axes           | 3 6 8 |  8.0
Evocations     | 4 6 |  6.6
Stealth        | |  2.4

Action                   |  1- 3 |  4- 6 |  7- 9 | 10-12 || total
-------------------------+-------+-------+-------+-------++-------
Melee: Dagger            |   118 |   266 |   125 |       ||   509
       Morningstar       |       |       |    25 |       ||    25
       Scimitar          |       |       |   212 |   215 ||   427
       Battleaxe         |       |       |       |   655 ||   655
Throw: Javelin           |    12 |       |       |    13 ||    25
       Throwing net      |       |       |       |     1 ||     1
 Cast: Corona            |     8 |       |       |       ||     8
       Ensorcelled Hiber |     2 |    12 |    10 |       ||    24
       Confuse           |     5 |     1 |    27 |    14 ||    47
       Mephitic Cloud    |       |       |     1 |    22 ||    23
       Apportation       |       |       |       |     4 ||     4
       Conjure Flame     |       |       |       |     3 ||     3
Invok: Potion Petition   |       |       |       |     2 ||     2
Evoke: Wand              |       |     3 |     5 |    12 ||    20
  Use: Scroll            |       |     3 |     4 |    10 ||    17
 Stab: Sleeping          |     1 |     8 |     5 |     3 ||    17
       Confused          |     1 |       |     5 |    10 ||    16
       Distracted        |       |     1 |     1 |     3 ||     5
       Paralysed         |       |       |       |    10 ||    10
Armor: Robe              |     6 |       |       |       ||     6
       Ring mail         |    47 |   109 |   171 |   459 ||   786
       Ice dragon scales |       |       |       |    28 ||    28
Dodge: Dodged            |    69 |   125 |   238 |   574 ||  1006
Block: Other             |       |    16 |    34 |   111 ||   161
       Reflection        |       |       |       |     5 ||     5
       Rpst.: Scimitar   |       |       |    51 |    39 ||    90
